 Dungeon Crawl Stone Soup version 0.23.2-40-g277498a001 (webtiles) character file.

Game seed: 1305070819385772280

27289 pipboyy the Basher (level 13, -1/116 HPs)
             Began as a Minotaur Berserker on Sept 27, 2019.
             Was a High Priest of Trog.
             Slain by an orc warrior
             ... wielding a +0 war axe
              (13 damage)
             ... while paralysed by an orc sorcerer
             ... on level 2 of the Orcish Mines.
             The game lasted 02:11:26 (10894 turns).

pipboyy the Basher (Minotaur Berserker)            Turns: 10894, Time: 02:11:27

Health: -1/116     AC: 13    Str: 25    XL:     13   Next: 3%
Magic:  14/14      EV:  2    Int:  4    God:    Trog [*****.]
Gold:   949        SH:  0    Dex: 12    Spells: 14/14 levels left

rFire    + . .     SeeInvis .   W - +0 demon whip (elec)
rCold    + . .     Gourm    .   (no shield)
rNeg     + . .     Faith    .   e - +3 ring mail {rN+}
rPois    .         Spirit   .   (helmet restricted)
rElec    .         Reflect  +   p - scarf {rC+ rF+}
rCorr    .         Harm     .   r - +0 pair of gloves {archery}
MR       +....                  A - +0 pair of boots
Stlth    +.........             K - +6 amulet of reflection
HPRegen  0.29/turn              n - ring of protection from magic
MPRegen  0.14/turn              w - +3 ring of evasion

@: paralysed
A: retaliatory headbutt, horns 2
a: Berserk, Trog's Hand, Brothers in Arms, Renounce Religion


You were on level 2 of the Orcish Mines.
You worshipped Trog.
Trog was extremely pleased with you.
You were hungry.

You visited 2 branches of the dungeon, and saw 13 of its levels.
You also visited: Bailey.

You collected 949 gold pieces.

Inventory:

Hand Weapons
 a - a +3 scimitar of flaming
 d - the +1 spear of Trauma {pain, SInv}
   (You found it on level 4 of the Dungeon)

   In the hands of one skilled in necromantic magic, it inflicts extra damage on
   living creatures.
   It lets you see invisible.
 o - a +0 spear of freezing
 u - a +3 whip
 B - a +2 whip of pain
 E - a +2 spear of venom
 L - a +2 morningstar
 P - the +4 dagger "Grim Tooth" {venom, rPois rC+ Str-3 Dex+2}
   (You found it on level 7 of the Dungeon)

   It poisons the flesh of those it strikes.
   It affects your strength (-3).
   It affects your dexterity (+2).
   It protects you from cold.
   It protects you from poison.
 W - a +0 demon whip of electrocution (weapon)
 Y - a +0 broad axe
 Z - a +1 hand axe of chopping
Missiles
 h - 24 tomahawks (quivered)
 S - 4 tomahawks of dispersal
Armour
 e - a +3 ring mail of positive energy (worn)
 p - a scarf of resistance (worn)
 r - a +0 pair of gloves of archery (worn)
 A - a +0 pair of boots (worn)
 T - a +0 plate armour
Magical Staves
 y - an uncursed staff of fire
 O - an uncursed staff of air
 Q - an uncursed staff of cold
Jewellery
 n - a ring of protection from magic (left hand)
 q - an uncursed ring of fire
 t - a +2 ring of strength
 v - an uncursed ring of stealth
 w - a +3 ring of evasion (right hand)
 K - a +6 amulet of reflection (around neck)
 V - an uncursed ring of protection from magic
Wands
 m - a wand of scattershot (3)
Scrolls
 g - 5 scrolls of teleportation
 j - a scroll of immolation
 s - 2 scrolls of blinking
 D - 2 scrolls of random uselessness
 H - 2 scrolls of remove curse
 I - 4 scrolls of magic mapping
 U - a scroll of identify
Potions
 b - a potion of flight
 f - 5 potions of curing
 i - 2 potions of lignification
 k - 3 potions of brilliance
 l - a potion of might
 G - a potion of agility
 R - a potion of magic
Miscellaneous
 X - a crystal ball of energy
Comestibles
 c - 13 rations


   Skills:
 + Level 11.1 Fighting
 + Level 7.7(12.3) Axes
 + Level 11.8(12.7) Maces & Flails
 + Level 10.0(11.1) Polearms
 + Level 6.8 Throwing
 + Level 10.2 Armour
 + Level 6.6 Dodging
 + Level 2.9 Stealth
 + Level 1.1 Spellcasting
 + Level 3.3 Evocations


You had 14 spell levels left.
You didn't know any spells.
Your spell library contained the following spells:

 Spells                   Type           Power        Failure   Level  Hunger
 Animate Skeleton         Necr           N/A          58%         1    ##.....
 Apportation              Tloc           #.....       58%         1    ##.....
 Confusing Touch          Hex            #.....       58%         1    ##.....
 Shock                    Conj/Air       #...         58%         1    ##.....
 Summon Butterflies       Summ           #.......     58%         1    ##.....
 Summon Small Mammal      Summ           #...         58%         1    ##.....
 Swiftness                Chrm/Air       #.......     73%         2    ###....
 Lesser Beckoning         Tloc           #.........   91%         3    ####...
 Static Discharge         Conj/Air       #.......     91%         3    ####...
 Tukima's Dance           Hex            #.......     91%         3    ####...
 Airstrike                Air            #.........   100%        4    #####..
 Alistair's Intoxication  Tmut/Pois      #.......     100%        5    ######.
 Lightning Bolt           Conj/Air       #.........   100%        5    ######.
 Invisibility             Hex            #.......     100%        6    #######


Dungeon Overview and Level Annotations

Branches:
Dungeon (11/15)            Temple (0/1) D:5            Lair (0/6) D:11
    Orc (2/2) D:11
    Elf: Orc:2

Altars:
Ashenzari
Cheibriados
Fedhas
Nemelex Xobeh
Okawaru
Trog
Vehumet
Xom
Yredelemnul
Zin
The Shining One

Annotations:
Orc:2 Erolcha


Innate Abilities, Weirdness & Mutations

You reflexively headbutt those who attack you in melee.
You have a pair of horns on your head.


Message History

You hear a shout!
The orc sorcerer points at you and mumbles some strange words.
You suddenly lose the ability to move!
The red devil hits you but does no damage.
You hear a shout!
The orc warrior hits you but does no damage.
The orc knight roars a battlecry!
The orcs go into a battle-frenzy!
The red devil hits you from afar with a +0 trident!
The orc sorcerer hits you but does no damage.
The orc priest calls down the wrath of Beogh upon you.
Beogh smites you!
The orc warrior hits you with a +0 battleaxe!!
The orc warrior hits you with a +0 war axe!
* * * LOW HITPOINT WARNING * * *
The red devil hits you from afar with a +0 trident!
* * * LOW HITPOINT WARNING * * *
The orc sorcerer hits you but does no damage.
The orc warrior hits you with a +0 war axe!
You die...

###...............)..## ##.#....
#.................#.## ##.....
................)#.).## #......
.....#.........)))....# ##.....
..............##......# ##......
...............#####..####.....#.
.................##....##........
..................##..#.#..###...
.#.......#####..@o4###...........
..##.##....# ###oo..###.#........
..####..#### ##o§.# ####.......
..## #### #o).# ###..... ...#
#)o.## #.#.... #.## ...o.#
........ ### ooo÷.## .##......
..÷.o.## # ....... ..÷o.. .......


You could see an orc knight, an orc sorcerer, a red devil, 3 orc warriors, an
orc priest and an orc.

Vanquished Creatures
  An orc warlord (Bailey)
  Erica (D:11)
  2 two-headed ogres
  An orc high priest (Orc:2)
  A necromancer (D:9)
  2 orc knights
  An ugly thing (D:9)
  An orc sorcerer (Orc:2)
  A deep elf mage (D:10)
  Maurice (D:11)
  A gargoyle (D:11)
  A kobold demonologist (D:11)
  A polar bear (D:8)
  A shadow (D:11)
  A spriggan (D:7)
  A wyvern (D:8)
  Eustachio (D:7)
  4 yaks
  A hungry ghost (D:10)
  27 orc warriors
  A black bear (D:10)
  3 necrophages
  2 sky beasts
  A wolf (D:8)
  3 phantoms
  9 ice beasts
  8 ogres
  4 centaurs
  7 bullfrogs
  A water moccasin zombie (D:10)
  6 scorpions
  4 wights (D:7)
  2 electric eels (D:8)
  9 crimson imps
  A bullfrog zombie (D:8)
  2 quasits (D:7)
  A jelly (D:9)
  11 orc priests
  17 orc wizards
  3 hounds
  2 centaur skeletons
  5 iguanas
  7 worker ants
  2 polar bear simulacra (D:9)
  5 yak simulacra (D:9)
  2 wolf simulacra (D:9)
  2 bullfrog simulacra (D:8)
  A worker ant zombie (D:7)
  7 gnolls
  8 adders
  2 shadow imps
  3 white imps (D:8)
  A worker ant simulacrum (D:8)
  An ufetubus (D:8)
  2 adder skeletons
  An adder zombie (D:9)
  3 worms (D:3)
  2 adder simulacra (D:8)
  3 leopard geckos
  58 orcs
  A ball python (D:2)
  2 bats (D:1)
  4 giant cockroaches
  22 hobgoblins
  7 jackals
  A kobold (D:2)
  2 quokkas (D:6)
  5 frilled lizards
  20 goblins
  A quokka zombie (D:7)
  7 rats
  2 river rat simulacra (D:9)
  A plant (D:6)
338 creatures vanquished.

Vanquished Creatures (others)
  An iguana (D:11)
  A quokka (D:11)
2 creatures vanquished.

Grand Total: 340 creatures vanquished

Notes
Turn   | Place    | Note
-------+----------+-------------------------------------------
     0 | D:1      | pipboyy the Minotaur Berserker began the quest for the Orb.
     0 | D:1      | Reached XP level 1. HP: 19/19 MP: 0/0
   160 | D:1      | Reached XP level 2. HP: 22/27 MP: 1/1
   270 | D:1      | Found a shimmering altar of Xom.
   719 | D:2      | Reached XP level 3. HP: 33/33 MP: 2/2
   849 | D:2      | Reached ** piety under Trog
  1336 | D:3      | Found a blossoming altar of Fedhas.
  1422 | D:3      | Found a shattered altar of Ashenzari.
  1422 | D:3      | Found a snail-covered altar of Cheibriados.
  1426 | D:3      | Found a glowing golden altar of the Shining One.
  2066 | D:4      | Got a dazzling spear
  2070 | D:4      | Identified the cursed +1 spear of Trauma {pain, SInv} (You
                  | found it on level 4 of the Dungeon)
  2078 | D:4      | Noticed an ogre
  2085 | D:4      | Killed an ogre
  2085 | D:4      | Reached skill level 5 in Axes
  2085 | D:4      | Reached skill level 1 in Throwing
  2085 | D:4      | Reached XP level 4. HP: 41/41 MP: 3/3
  2085 | D:4      | Reached XP level 5. HP: 47/47 MP: 4/4
  2148 | D:4      | Noticed a phantom
  2161 | D:4      | Killed a phantom
  2161 | D:4      | Reached skill level 1 in Polearms
  2283 | D:4      | Reached XP level 6. HP: 38/55 MP: 5/5
  2438 | D:4      | Found a glowing silver altar of Zin.
  2630 | D:4      | Found a shattered altar of Ashenzari.
  2774 | D:4      | Reached skill level 5 in Fighting
  3159 | D:5      | Entered Level 5 of the Dungeon
  3169 | D:5      | Reached XP level 7. HP: 61/61 MP: 6/6
  3205 | D:5      | Reached skill level 1 in Stealth
  3231 | D:5      | Reached *** piety under Trog
  3336 | D:5      | Found a sparkling altar of Nemelex Xobeh.
  3360 | D:5      | Noticed Eustachio
  3807 | D:5      | Found a staircase to the Ecumenical Temple.
  4219 | D:6      | Reached XP level 8. HP: 69/69 MP: 7/7
  4373 | D:6      | Found a basalt altar of Yredelemnul.
  5274 | D:7      | Killed Eustachio
  5274 | D:7      | Reached skill level 5 in Armour
  5374 | D:7      | Reached **** piety under Trog
  5494 | D:7      | Reached skill level 5 in Throwing
  5537 | D:7      | Reached skill level 5 in Polearms
  5890 | D:7      | Reached XP level 9. HP: 37/78 MP: 8/8
  6101 | D:7      | Got a polished dagger
  6191 | D:7      | Found a sparkling altar of Nemelex Xobeh.
  6348 | D:8      | Found an iron altar of Okawaru.
  6528 | D:8      | Reached skill level 1 in Evocations
  6771 | D:8      | Noticed a polar bear
  6827 | D:8      | Killed a polar bear
  6830 | D:8      | Reached XP level 10. HP: 42/86 MP: 10/10
  6896 | D:8      | Found a bloodstained altar of Trog.
  7035 | D:8      | Reached skill level 5 in Dodging
  7400 | D:9      | You fall through a shaft!
  7400 | D:10     | Entered Level 10 of the Dungeon
  7688 | D:9      | Noticed a two-headed ogre
  7697 | D:9      | Killed a two-headed ogre
  7729 | D:9      | Noticed a purple ugly thing
  7747 | D:9      | Killed a purple ugly thing
  7771 | D:9      | Found a blossoming altar of Fedhas.
  7812 | D:9      | Noticed a necromancer
  7829 | D:9      | Killed a necromancer
  7853 | D:9      | Reached ***** piety under Trog
  8043 | D:9      | Reached skill level 5 in Maces & Flails
  8368 | D:10     | Noticed a deep elf mage
  8376 | D:10     | Killed a deep elf mage
  8393 | D:10     | Reached XP level 11. HP: 95/95 MP: 11/11
  8824 | D:11     | Found a gate leading to a gauntlet.
  8829 | D:11     | Found a staircase to the Lair.
  8844 | D:11     | Noticed a sixfirhy
  8892 | D:11     | Found a staircase to the Orcish Mines.
  8980 | D:11     | Noticed Maurice
  8986 | D:11     | Killed Maurice
  8987 | D:11     | Found a radiant altar of Vehumet.
  9018 | D:11     | Found a flagged portal.
  9036 | Bailey   | Entered a bailey
  9169 | Bailey   | Noticed an orc knight
  9178 | Bailey   | Killed an orc knight
  9287 | Bailey   | Received a gift from Trog
  9423 | Bailey   | Noticed an orc warlord
  9436 | Bailey   | Killed an orc warlord
  9750 | D:11     | Noticed Erica
  9759 | D:11     | Killed Erica
  9759 | D:11     | Reached skill level 10 in Maces & Flails
  9772 | D:11     | Identified the +4 dagger "Grim Tooth" {venom, rPois rC+
                  | Str-3 Dex+2} (You found it on level 7 of the Dungeon)
  9784 | D:11     | Identified a scroll of acquirement
  9795 | D:11     | Reached skill level 10 in Fighting
  9795 | D:11     | Reached skill level 10 in Polearms
  9795 | D:11     | Reached skill level 10 in Armour
  9795 | D:11     | Reached skill level 1 in Spellcasting
  9795 | D:11     | Reached XP level 12. HP: 90/107 MP: 11/13
  9877 | D:11     | Noticed a two-headed ogre
  9886 | D:11     | Killed a two-headed ogre
 10241 | Orc:1    | Entered Level 1 of the Orcish Mines
 10448 | Orc:2    | Entered Level 2 of the Orcish Mines
 10769 | Orc:2    | Noticed Erolcha
 10879 | Orc:2    | Noticed an orc high priest
 10882 | Orc:2    | Reached XP level 13. HP: 103/116 MP: 14/14
 10891 | Orc:2    | Paralysed by an orc sorcerer for 5 turns
 10894 | Orc:2    | Slain by an orc warrior

Skill      XL: |  1  2  3  4  5  6  7  8  9 10 11 12 |
---------------+-------------------------------------+-----
Axes           | 4 5 6 7 |  7.7
Fighting       | 4 5 6 7 8 10 11 | 11.1
Throwing       | 1 2 3 4 5 6 |  6.8
Polearms       | 1 2 3 6 8 9 10 | 10.0
Armour         | 3 4 5 7 8 10 | 10.2
Dodging        | 3 4 5 6 |  6.6
Stealth        | 1 2 |  2.9
Evocations     | 2 3 |  3.3
Maces & Flails | 6 10 11 | 11.8
Spellcasting   | 1 |  1.1

Action                   |  1- 3 |  4- 6 |  7- 9 | 10-12 | 13-15 || total
-------------------------+-------+-------+-------+-------+-------++-------
Melee: Hand axe          |    65 |       |    72 |       |       ||   137
       Headbutt          |     9 |     7 |   103 |   113 |       ||   232
       Spear             |     3 |    66 |   333 |    52 |       ||   454
       Demon whip        |       |       |       |   512 |     5 ||   517
Throw: Tomahawk          |    31 |    32 |    39 |    17 |       ||   119
Invok: Berserk           |       |       |     1 |     3 |       ||     4
Evoke: Wand              |       |       |     8 |     5 |     3 ||    16
  Use: Scroll            |    13 |     1 |     4 |     7 |       ||    25
       Potion            |     7 |     3 |     3 |     5 |       ||    18
  Eat: Chunk             |     2 |     1 |     5 |     1 |       ||     9
       Ration            |       |     1 |     2 |     5 |       ||     8
Armor: Animal skin       |     8 |       |       |       |       ||     8
       Ring mail         |     3 |    17 |   107 |    37 |     5 ||   169
       Plate armour      |       |       |       |    69 |       ||    69
Dodge: Dodged            |    41 |    37 |   226 |   192 |     1 ||   497
Block: Other             |       |       |    36 |    61 |       ||    97
       Reflection        |       |       |     1 |     4 |       ||     5
